[Event "*** Titled Tuesday Blitz"]
[Site "Chess.com"]
[Date "2019.08.06"]
[Round "10"]
[White "Chess_Boxer123"]
[Black "Jospem"]
[Result "0-1"]
[WhiteElo "2439"]
[BlackElo "2907"]
[TimeControl "180+2"]
[EndTime "15:26:43 PDT"]
[Termination "Jospem won by checkmate"]

1. d4 Nf6 2. Bf4 d6 3. Nc3 d5 4. Nb5 Na6 5. e3 g6 6. Nf3 Bg7 7. h4 Bg4 8. Be2 c6 9. Nc3 Bxf3 10. Bxf3 Nd7 11. h5 e5 12. dxe5 Nxe5 13. Be2 Nc7 14.
hxg6 hxg6 15. Rxh8+ Bxh8 16. Qd2 Ne6 17. Bg3 Qa5 18.
O-O-O O-O-O 19. Kb1 Nc4 20. Bxc4 dxc4 21. Qe2 Bxc3 22.
Rxd8+ Kxd8 23. bxc3 Qxc3 24. Qd1+ Ke7 25. Qd6+ Kf6 26.
a3 a5 27. Bf4 g5 28. Bg3 a4 29.
e4 Qe1+ 30. Ka2 Qxe4 31. Qb4 Qxc2+ 32. Ka1 Qd1+ 33. Ka2 Qb3+ 34. Qxb3 cxb3+ 35. Kb2 c5 36. Kc3 b5 37. Bd6 Kf5 38. f3 g4 39. fxg4+ Kxg4 40. Kb2 Kf5 41. Kc3 Ke4 42. Be7 Kd5 43. g3 Nd4 44. Bf6 Ne2+ 45. Kb2 Nxg3 46. Bh8 Ke4 47. Ka1 Kd3 48. Be5 Ne4 49. Bb2 f5 50. Be5 c4 51. Bb2 Kc2 52. Bf6 Nd2 53. Bc3 Nf1 54. Bb2 f4 55. Bc1 f3 56. Be3 Ng3 57. Bf2 Ne4 58.
Be1 Nf6 59. Bh4 Nd5 60. Bf6 f2 61. Bg5 f1=N 62. Bc1 Ng3 63. Bf4 Ne2 64. Be3 Nec3 65. Bd2 Na2 66. Bc3 Nf4 67. Be5 Nd3 68. Bc3 Nac1 69.
Bb2 Ne2 70. Bc1 Nc3 71. Bb2 b4 72. Bc1 Nxc1 73. axb4 a3 74. b5 a2 75. b6 Nb1 76.
b7 c3 77. b8=Q b2+ 78. Qxb2+ cxb2# 0-1

[Event "*** Titled Tuesday Blitz"]
[Site "Chess.com"]
[Date "2019.08.06"]
[Round "10"]
[White "Jahonas"]
[Black "Kimster98"]
[Result "1/2-1/2"]
[WhiteElo "2413"]
[BlackElo "2610"]
[TimeControl "180+2"]
[EndTime "15:26:48 PDT"]
[Termination "Game drawn by stalemate"]

1. d4 Nf6 2. Nf3 d5 3. g3 e6 4. Bg2 b5 5. O-O Bb7 6. a4 b4 7. a5 c5 8. c3 bxc3 9. Nxc3 a6 10. Bg5 Nbd7 11. Ne5 Be7 12. Nxd7 Nxd7 13. Bxe7 Qxe7 14. e4 dxe4 15. Nxe4 O-O 16. dxc5 Nxc5 17. Qd6 Qxd6 18. Nxd6 Bxg2 19. Kxg2 Rab8 20. Rac1 Nb3 21. Rc6 Nxa5 22. Rxa6 Nb3 23. f4 Nc5 24. Rc6 Rxb2+ 25. Kh3 Nb7 26.
Nxb7 Rxb7 27. f5 exf5 28. Rxf5 g6 29. Rfc5 Rbb8 30. Rc7 Kg7 31. Ra7 Rb2 32. Rcc7 Rf2 33. Rcb7 h5 34. Rc7 g5 35. g4 Rf3+ 36. Kg2 hxg4 37.
Rc4 Rf4 38. Rxf4 gxf4 39. Ra4 f3+ 40. Kg3 f5 41. h3 gxh3 42. Kxh3 f4 43. Kh2 Kg6 44.
Ra5 Rb8 45. Kg1 Rb2 46. Kf1 Kf6 47. Rc5 Re2 48. Ra5 Ke6 49. Rh5 Re5 50. Rh3 Re3 51.
Rh5 Re2 52. Ra5 Kf6 53. Rb5 Re5 54. Rb3 Re3 55. Rb5 Re5 56. Rb3 Kf5 57. Rxf3 Kg4 58. Rb3 Ra5 59. Rc3 Ra1+ 60. Kf2 Ra2+ 61. Kf1 Rb2 62.
Ra3 Rb1+ 63. Kf2 Rb2+ 64. Kf1 Rc2 65. Rb3 Ra2 66. Rc3 Rh2 67. Rb3 Rh1+ 68. Kf2 Rh2+ 69. Kg1 Rh7 70. Kf2 Rd7 71. Ra3 Rd2+ 72. Kf1 Rb2 73.
Rc3 Kf5 74. Ra3 Ke4 75. Rh3 Ra2 76. Rb3 Rc2 77. Ra3 Rc1+ 78. Kf2 Rc2+ 79. Kf1 Rc4 80. Kf2 Rb4 81. Kf1 Kd4 82. Kf2 Ke5 83. Kf3 Rb5 84.
Kf2 Ke4 85. Ra4+ Kf5 86. Ra3 Kg4 87. Rc3 f3 88. Rc8 Rb2+ 89. Kf1 Rb1+ 90. Kf2 Rb2+ 91. Kf1 Kg3 92. Rg8+ Kf4 93. Rf8+ Ke4 94. Re8+ Kf5 95.
Rf8+ Kg4 96. Rg8+ Kh3 97. Rg7 Rc2 98. Rg8 Rg2 99. Rxg2 fxg2+ 100. Kg1 Kg3 1/2-1/2

[Event "*** Titled Tuesday Blitz"]
[Site "Chess.com"]
[Date "2019.08.06"]
[Round "10"]
[White "KhazarBabazada"]
[Black "Annawel"]
[Result "1-0"]
[WhiteElo "2858"]
[BlackElo "2980"]
[TimeControl "180+2"]
[EndTime "15:27:15 PDT"]
[Termination "KhazarBabazada won on time"]

1. e4 c5 2. Nf3 d6 3. d4 cxd4 4. Nxd4 Nf6 5. Nc3 a6 6. h3 e6 7.
g4 h6 8. f4 Nc6 9. Be3 d5 10.
e5 Nd7 11. Qd2 g5 12. O-O-O Bg7 13. fxg5 hxg5 14. Bxg5 Qc7 15. Nf5 Bxe5 16. Bg2 Nb6 17. Rhe1 Nc4 18. Qe2 Qb6 19. b3 Bxc3 20. Bxd5 O-O 21.
Bxc4 Qb4 22. Kb1 b5 23. Nh6+ Kg7 24. Bd3 f6 25. Bc1 Ra7 26. a3 Qc5 27. Qe4 Kh8 28. Rf1 Be5 29. Bb2 Bxb2 30. Kxb2 Ne5 31. g5 Nxd3+ 32.
Rxd3 Qxg5 33. Ng4 f5 34. Qd4+ Rg7 35. Ne5 Bb7 36. Rdd1 Qf6 37. Rg1 Rfg8 38. Rxg7 Rxg7 39. Qd8+ Qxd8 40. Rxd8+ Kh7 41. Re8 Kh6 42. Rxe6+ Kg5 43. Nd3 Rh7 44. c4 bxc4 45. bxc4 Rxh3 46. Nc5 Bg2 47.
Nxa6 f4 48. Nc5 f3 49. Ne4+ Kf4 50. c5 Rh2 51. Kc3 Bh3 52. Re7 Bf5 53. Nd2 f2 54.
c6 Rh1 55. Re2 Kg3 56. Re3+ Kg2 57. Rf3 Bg4 58. Rf6 Rc1+ 59. Kb2 Rd1 60. Kc2 Ra1 61. Kb2 Rd1 62. Kc2 Re1 63. c7 Re7 64. Rc6 Re2 65.
Rg6 Kh3 66. Rxg4 f1=Q 67. c8=Q Rxd2+ 68. Kxd2 Qf2+ 69. Kc1 Qe1+ 70. Kb2 Qe2+ 71. Kb3 Qd1+ 72. Kb2 Qe2+ 73. Kc3 Qe1+ 74. Kb3 Qd1+ 75. Kb4 Qe1+ 76. Qc3+ Qxc3+ 77. Kxc3 Kxg4 78. a4 Kf5 79. a5 Ke6 80. a6 Kd7 81. a7 Kc7 82. a8=Q Kb6 83. Qg2 Kb5 84. Kd4 Ka5 85. Qb7 Ka4 86. Kc4 1-0

[Event "*** Titled Tuesday Blitz"]
[Site "Chess.com"]
[Date "2019.08.06"]
[Round "10"]
[White "NMZanette"]
[Black "JussupowFan"]
[Result "1/2-1/2"]
[WhiteElo "2316"]
[BlackElo "2204"]
[TimeControl "180+2"]
[EndTime "15:27:43 PDT"]
[Termination "Game drawn - timeout vs insufficient material"]

1. e4 c5 2. Nf3 Nc6 3. Bb5 g6 4. Bxc6 bxc6 5. O-O Bg7 6. Nc3 Nh6 7. d3 O-O 8. Na4 d6 9. h3 f5 10. e5 dxe5 11.
Nxc5 Qd5 12. Nb3 Ba6 13. Re1 Nf7 14. Be3 Rfd8 15. Nc5 Bc8 16. c4 Qd6 17. b4 a5 18.
a3 axb4 19. axb4 Rxa1 20. Qxa1 e4 21. Qd1 exf3 22. Qxf3 Ne5 23. Qe2 Nd7 24. Nb3 Qxb4 25. Nd4 Qd6 26. Qa2 Bxd4 27. c5+ Qd5 28. Qxd5+ cxd5 29. Bxd4 Kf7 30. c6 Nf6 31. Bb6 Rd6 32. Rc1 e5 33. Bc7 Re6 34. Bb8 Ne8 35. Re1 e4 36. dxe4 fxe4 37. Rc1 d4 38. c7 d3 39. Kf1 Ke7 40. Ke1 Kd7 41. Kd2 Rc6 42. Re1 Nd6 43. f3 Rc2+ 44. Kd1 exf3 45. gxf3 Nb5 46. Re3 Nc3+ 47. Ke1 Re2+ 48. Rxe2 dxe2 49. f4 Nd5 50. Kxe2 Nxf4+ 51. Kf3 Nxh3 52. Kg4 Nf2+ 53. Kf3 Nd3 54. Ke4 Nc5+ 55. Ke5 Ne6 56. Kf6 Nxc7 57. Kg7 g5 58. Kh6 g4 59. Kxh7 g3 60. Kg6 g2 61. Ba7 Ke6 62.
Kg5 Bb7 63. Kg4 Nd5 64. Kg3 Nf6 65. Kh2 Kf5 66. Kg3 Ke4 67. Kxg2 Kf4+ 68. Kf2 Ng4+ 69. Ke2 Ke4 70. Kd2 Ba6 71. Kc3 Ne5 72. Kd2 Nc4+ 73. Kc3 Nd6 74. Bg1 Kd5 75. Kd2 Nb5 76.
Ke3 Kc4 77. Bh2 Nc3 78. Bb8 Nd5+ 79. Kd2 Bb7 80. Be5 Kb3 81. Kd3 Ba6+ 82. Kd4 Nb4 83. Bh8 Bb7 84. Ke5 Kc4 85. Kd6 Bd5 86. Ke5 Nd3+ 87.
Kf5 Kc5 88. Kg4 Kd6 89. Kf5 Bf3 90. Ba1 Kd5 91. Bh8 Be4+ 92. Kg4 Nf2+ 93. Kg3 Nd3 94.
Ba1 Ke6 95. Kg4 Kf7 96. Kg5 Bg6 97. Kg4 Nf2+ 98. Kf3 1/2-1/2

[Event "*** Titled Tuesday Blitz"]
[Site "Chess.com"]
[Date "2019.08.06"]
[Round "10"]
[White "JonahWillow"]
[Black "Giraffe_Chess"]
[Result "1/2-1/2"]
[WhiteElo "2622"]
[BlackElo "2387"]
[TimeControl "180+2"]
[EndTime "15:28:31 PDT"]
[Termination "Game drawn by agreement"]

1. e4 c5 2. Nf3 Nc6 3. d4 cxd4 4. Nxd4 Nf6 5. Nc3 d6 6. g3 g6 7. Bg2 Bg7 8. Nde2 O-O 9. O-O Bg4 10. h3 Be6 11. Nd5 Rc8 12. c3 Qd7 13. Kh2 Bxd5 14. exd5 Ne5 15. Nd4 Nc4 16. b3 Nb6 17. c4 a6 18. Bb2 Rc7 19. Re1 Qd8 20. Qe2 Re8 21. Rad1 Nbd7 22. Bc3 Rc8 23. Qd2 Nc5 24. Ba5 Qd7 25.
Rc1 Rb8 26. Bb6 Qc8 27. a4 Nfd7 28. Ba5 Bxd4 29. Qxd4 Nxb3 30. Qc3 Nxc1 31. Qxc1 Nc5 32.
Qe3 Nxa4 33. Rc1 Qc5 34. Qe1 e6 35. Bb4 Qc7 36. Qd1 Nc5 37. Bc3 e5 38. Bd2 b5 39.
Bg5 Kg7 40. Qf3 f5 41. Qe3 Qf7 42. Bh6+ Kg8 43. cxb5 axb5 44. Ra1 b4 45. Qg5 b3 46.
Rb1 b2 47. Qd2 Na4 48. Qa5 Qd7 49. Bf1 Ra8 50. Qd2 Reb8 51. h4 Qc7 52. Qg5 Qf7 53. Qd2 Qc7 54. h5 Nc3 55. Rxb2 Ne4 56. Rxb8+ Rxb8 57.
Qa2 Qc5 58. Kg2 Qc7 59. Qa6 Rd8 60. Bd3 Nc5 61. Qc4 Qe7 62. Be2 g5 63. Qc1 f4 64.
gxf4 gxf4 65. Kf3 Kf7 66. Qb1 e4+ 67. Kxf4 Qe5+ 68. Ke3 Qc3+ 69. Kf4 Qd2+ 70. Kg3 Qxh6 71. Qb6 Qg5+ 72. Bg4 Qe7 73. h6 Qe5+ 74. Kg2 Qe7 75.
Bh5+ Kf6 76. Qb2+ Qe5 77. Qb6 Rg8+ 78. Kf1 Qxh5 79. Qxd6+ Kg5 80. Qe5+ Kxh6 81. Qf6+ Qg6 82. Qh4+ Kg7 83. Qe7+ Kh8 84. Qxc5 Qf6 85. d6 Rf8 86. d7 Qf7 87. Qd4+ Qg7 88. d8=Q Rxd8 89. Qxd8+ Qg8 90. Qd4+ Qg7 91. Qxe4 Kg8 92. Qe8+ Qf8 93.
Qe5 Qf7 94. f4 Qf8 95. Kf2 Qf7 96. Kf3 Qg7 97. Qb8+ Qf8 98. Qb3+ Qf7 99. Qc3 Qg7 100. Qc4+ Qf7 101. Qf1 Qd5+ 102. Kg4 Qd7+ 103. f5 Qd4+ 104. Kg5 Qg7+ 105. Kf4 Qd4+ 106. Kg3 Qe3+ 107. Kg4 Qe4+ 108. Kh5 Qe8+ 109. Kh6 Qf8+ 110. Kg5 Qg7+ 111. Kh5 Qf7+ 112. Kh4 Qf6+ 113. Kg4 Qd4+ 114. Kh3 Qe3+ 115. Kh4 Qe4+ 116. Kg5 Qe3+ 117. Kf6 Qd4+ 118. Ke6 Qe4+ 119. Kd6 Qd4+ 120. Kc6 Qe4+ 121. Kc5 Qe5+ 122. Kc4 Qe4+ 123. Kc3 1/2-1/2